 Dungeon Crawl Stone Soup version 0.26-a0-602-gd42a14c (webtiles) character file.

Game seed: 8610517557211029553

93 Askren the Skirmisher (level 4, 0/41 HPs)
             Began as a Hill Orc Abyssal Knight on Aug 30, 2020.
             Was a Believer of Lugonu.
             Slain by Grinder (3 damage)
             ... on level 3 of the Dungeon.
             The game lasted 00:11:48 (2191 turns).

Askren the Skirmisher (Hill Orc Abyssal Knight)     Turns: 2191, Time: 00:11:48

Health: 0/41       AC: 12    Str: 15    XL:     4   Next: 62%
Magic:  5/5        EV:  4    Int: 12    God:    Lugonu [**....]
Gold:   148        SH:  0    Dex: 10    Spells: 3/3 levels left

rFire    . . .     SeeInvis .   a - +1 hand axe
rCold    . . .     Faith    .   (no shield)
rNeg     . . .     Spirit   .   q - +0 plate armour
rPois    .         Reflect  .   (no helmet)
rElec    .         Harm     .   (no cloak)
rCorr    .                      (no gloves)
MR       .....                  u - +0 pair of boots
Stlth    ..........             (no amulet)
HPRegen  0.13/turn              (no ring)
MPRegen  0.09/turn              (no ring)

@: lethally poisoned (0 -> -2)
A: no striking features
a: Depart the Abyss, Bend Space, Renounce Religion


You were on level 3 of the Dungeon.
You worshipped Lugonu.
Lugonu was pleased with you.
You visited 1 branch of the dungeon, and saw 3 of its levels.
You visited the Abyss 1 time.

You collected 148 gold pieces.

Inventory:

Hand Weapons
 a - a +1 hand axe (weapon)
Missiles
 f - 104 stones (quivered)
Armour
 b - a +0 leather armour
 g - a +0 ring mail
 j - a +1 hat
 q - a +0 plate armour (worn)
 u - a +0 pair of boots (worn)
Jewellery
 h - an uncursed amulet of magic regeneration {unknown}
 i - a +4 ring of evasion {unknown}
 w - a cursed amulet of inaccuracy {unknown}
 x - an uncursed ring of protection from cold {unknown}
 A - an uncursed ring of resist corrosion {unknown}
Scrolls
 c - 2 scrolls of teleportation {unknown}
 d - 3 scrolls of noise {unknown}
 e - 2 scrolls of remove curse {unknown}
 o - 2 scrolls of enchant weapon {unknown}
 p - a scroll of magic mapping {unknown}
 r - a scroll of random uselessness {unknown}
 v - a scroll of amnesia {unknown}
 y - a scroll of enchant armour {unknown}
Potions
 k - 2 potions of lignification {unknown}
 l - 2 potions of brilliance {unknown}
 m - a potion of might {unknown}
 n - 2 potions of flight {unknown}
 s - a potion of resistance {unknown}
 t - a potion of curing {unknown}
 z - a potion of heal wounds {unknown}


   Skills:
 + Level 4.8 Fighting
 + Level 4.1 Axes
 + Level 3.1 Armour
 + Level 1.0 Dodging
 + Level 2.4 Invocations


You had 3 spell levels left.
You didn't know any spells.
Your spell library was empty.

Dungeon Overview and Level Annotations

Branches:
Dungeon (3/15)

Altars:
Gozag

Annotations:
D:3 Grinder


Message History

The worm is severely wounded.
You feel sick. The worm bites you but does no damage.
You hit the worm.
The worm is almost dead.
The worm bites you.
* * * LOW HITPOINT WARNING * * *
You slash the worm!
You kill the worm!
Lugonu accepts your kill.
You closely miss Grinder.
You feel sick. Grinder hits you.
* * * LOW HITPOINT WARNING * * *
You writhe in agony.
* * * LOW HITPOINT WARNING * * *
You barely miss Grinder. Grinder hits you but does no damage.
You hit Grinder.
Grinder is lightly wounded.
Grinder hits you.
* * * LOW HITPOINT WARNING * * *
You writhe in agony.
You die...

#. #..........#
#.. #......[...#
#.. #........?.#
#...#..........#
#...##......S..#
#....##.#
#...w.# ###
#5###########.#
#@# #.........#
#.###.#######.#
#.....#.......#
#######.#######
#..#.# #....###
##.....# #####.#
#..<#


You could see Grinder.

Vanquished Creatures
  2 adders
  A worm (D:3)
  4 dart slugs
  2 leopard geckos
  An orc (D:2)
  3 bats
  4 giant cockroaches
  9 goblins
  4 hobgoblins (D:1)
  7 jackals
  A quokka (D:2)
  A ball python (D:1)
  5 frilled lizards
  8 kobolds
  9 rats
61 creatures vanquished.

Notes
Turn   | Place    | Note
-------+----------+-------------------------------------------
     0 | Abyss:1  | Askren the Hill Orc Abyssal Knight began the quest for the
                  | Orb.
     0 | Abyss:1  | Reached XP level 1. HP: 19/19 MP: 2/2
     2 | Abyss:1  | Found a corrupted altar of Lugonu.
    30 | D:1      | Escaped the Abyss
   107 | D:1      | Reached XP level 2. HP: 15/27 MP: 3/3
   478 | D:1      | Reached ** piety under Lugonu
   485 | D:1      | Reached XP level 3. HP: 24/34 MP: 4/4
   981 | D:2      | Reached skill level 1 in Dodging
  1452 | D:2      | Reached XP level 4. HP: 37/41 MP: 5/5
  1567 | D:2      | Found an opulent altar of Gozag.
  2162 | D:3      | Noticed Grinder
  2191 | D:3      | Slain by Grinder

Illustrated notes

Levels and vault maps discovered:
D:1:      lightli_iron_boxes, layout_loops_ring
D:2:      layout_basic, nicolae_gozag_cash_rules_everything_around_me
D:3:      layout_basic, uniq_grinder

Skill      XL: |  1  2  3  4 |
---------------+-------------+-----
Fighting       | 4 |  4.8
Axes           | 3 4 |  4.1
Dodging        | 1 |  1.0
Armour         | 3 |  3.1
Invocations    | |  2.4

Action                   |  1- 3 |  4- 6 || total
-------------------------+-------+-------++-------
Melee: Hand axe          |   140 |    71 ||   211
Armor: Leather armour    |     5 |       ||     5
       Ring mail         |    40 |       ||    40
       Plate armour      |    48 |    50 ||    98
Dodge: Dodged            |    79 |    11 ||    90

Table legend: (Time is in decaauts)
 A = Elapsed time spent in this place.
 B = Non-inter-level travel time spent in this place.
 C = Inter-level travel time spent in this place.
 D = Time resting spent in this place.
 E = Time spent auto-exploring this place.
 F = Levels seen in this place.
 G = Mean time per level.
                   A        B        C        D        E       F      G
               +--------+--------+--------+--------+--------+-----+--------+
         Total |   2218 |   2148 |     70 |      0 |    431 |   4 |  554.5 |
       Dungeon |   2188 |   2118 |     70 |      0 |    431 |   3 |  729.3 |
         Abyss |     30 |     30 |      0 |      0 |      0 |   1 |   30.0 |
               +--------+--------+--------+--------+--------+-----+--------+

Top non-repeatable levels by time:
     D:2: 1213 daAuts
     D:1: 890 daAuts
     D:3: 83 daAuts
 Abyss:1: 30 daAuts
